 Dungeon Crawl Stone Soup version 0.27.1 (webtiles) character file.

Game seed: 1415830388504015170

5 Descartes the Sneak (level 1, -8/10 HPs)
             Began as a Felid Delver on Aug 25, 2021.
             Was an Initiate of Dithmenos.
             Killed by divine providence
             ... invoked by an orc priest
              (10 damage)
             ... on level 5 of the Dungeon.
             The game lasted 00:00:54 (330 turns).

Descartes the Sneak (Felid Delver)                   Turns: 330, Time: 00:00:55

Health: -8/10      AC:  1    Str:  8    XL:     1   Next: 66%
Magic:  2/2        EV: 17    Int: 11    God:    Dithmenos [......]
Gold:   0          SH:  0    Dex: 17    Spells: 0/0 levels left
                                        Lives:  0   Deaths: 0

rFire    . . .     SeeInvis +     - Unarmed
rCold    . . .     Faith    .   (shield unavailable)
rNeg     . . .     Spirit   .   (armour unavailable)
rPois    .         Reflect  .   (helmet unavailable)
rElec    .         Harm     .   (cloak unavailable)
rCorr    .         Rampage  .   (gloves unavailable)
Will     .....                  (boots unavailable)
Stlth    ++++......             (no amulet)
HPRegen  0.03/turn              (no ring)
MPRegen  0.08/turn              (no ring)

@: quick
A: very small, claws 1, fangs 3, see invisible, speed 1, shaggy fur 1, stealthy
paws, no weapons or thrown items, no armour, multi-lived
a: Renounce Religion


You were on level 5 of the Dungeon.
You worshipped Dithmenos.
Dithmenos was noncommittal.
You visited 2 branches of the dungeon, and saw 2 of its levels.

Inventory:

Wands
 e - a wand of digging (3)
 f - a wand of acid (4)
Scrolls
 a - a scroll of fog
 b - a scroll of magic mapping
 c - a scroll of fear
Potions
 d - a potion of haste


   Skills:
 - Level 3.0 Fighting
 - Level 2.6 Dodging
 + Level 7.0 Stealth
 - Level 2.0 Unarmed Combat


You couldn't memorise any spells.
You didn't know any spells.
Your spell library was empty.

Dungeon Overview and Level Annotations

Branches:
Dungeon (5/15)             Temple (1/1) D:5

Altars:
Cheibriados
Dithmenos
Fedhas
Gozag
Kikubaaqudgha
Makhleb
Nemelex Xobeh
Okawaru
Ru
Uskayaw
Vehumet
Xom
The Shining One


Innate Abilities, Weirdness & Mutations

You have sharp claws.
You have razor-sharp teeth.
You have supernaturally acute eyesight. (SInv)
You cover ground quickly. (Speed+)
You are covered in fur. (AC +1)
Your paws help you pounce on unaware monsters.
You are incapable of wielding weapons or throwing items.
You cannot wear armour.
You gain extra lives every three experience levels.


Message History

The worm is heavily wounded.
An orc comes into view. It is wielding a +0 morningstar.
The worm closely misses you.
The orc shouts!
You scratch the worm.
The worm is heavily wounded.
You hear a shout!
You scratch the worm.
The worm is heavily wounded.
The worm misses you.
You scratch the worm. You bite the worm.
The worm is almost dead.
An orc comes into view. It is wielding a +0 trident.
The worm bites you.
Ouch! That really hurt!
You scratch the worm.
You kill the worm!
Dithmenos accepts your kill. The orc completely misses you.
You see here a worm corpse.
Found a falchion and 14 gold pieces.
You scratch the orc. You bite the orc.
You kill the orc!
Dithmenos accepts your kill.
Your Stealth skill increases to level 7!
Things that are here:
a +0 morningstar; an orc corpse The orc hits you from afar with a +0 trident.
Ouch! That really hurt!
* * * LOW HITPOINT WARNING * * *
An ogre comes into view.
It is wielding a +0 giant club. 2 orcs come into view.
An orc is wielding a +0 war axe of flaming.
An orc priest comes into view. It is wielding a +0 mace.
Found 17 stones.
You see here 14 gold pieces.
The orc priest calls down the wrath of Beogh upon you.
Beogh smites you!
Ouch! That really hurt!
You die...

#. #.......)## #### #.#
##.8.8.8... #...
#.#####..⌠.⌠..##
(#.#.#####.....).8.>.8...
.............##O..⌠.⌠..##
.o...........##..8.8.8.##
.o.....).....##..........
.o...........##.....##.##
.......$@......###..##...
.............#.# #.....##
...###########.# ##>.....
. #.# ####.#. #.#######.#
#....##...# ####.####.#
##.####.# #.......#


You could see an orc priest and 2 orcs.

Vanquished Creatures
  A worm (D:5)
  An orc (D:5)
2 creatures vanquished.

Notes
Turn   | Place    | Note
-------+----------+-------------------------------------------
     0 | D:5      | Descartes the Felid Delver began the quest for the Orb.
     0 | D:5      | Reached XP level 1. HP: 10/10 MP: 2/2
    10 | Temple   | Entered the Ecumenical Temple
   240 | Temple   | Became a worshipper of Dithmenos the Shadowed
   268 | D:5      | Noticed an orc wizard
   289 | D:5      | Reached skill level 7 in Stealth
   292 | D:5      | Noticed an ogre
   329 | D:5      | Noticed an orc priest
   330 | D:5      | Killed from afar by an orc priest

Illustrated notes

Levels and vault maps discovered:
D:5:      layout_basic, minmay_temple_entry_statues_fountains, uniq_grinder
Temple:   nicolae_temple_figure_eight

Skill      XL: |  1 |
---------------+----+-----
Stealth        | 7 |  7.0
Fighting       | |  3.0
Dodging        | |  2.6
Unarmed Combat | |  2.0

Action                   || total
-------------------------++-------
Melee: Unarmed           ||     6
       Bite              ||     3
Dodge: Dodged            ||     3
